 Dungeon Crawl Stone Soup version 0.29.0-4-gdea44cf6ec (webtiles) character file.

Game seed: 2377680618468917780

103 qw the Ruffian (level 4, -1/36 HPs)
             Began as a Ghoul Fire Elementalist on Aug 29, 2022.
             Slain by Grinder (6 damage)
             ... while paralysed by Grinder
             ... on level 3 of the Dungeon.
             The game lasted 00:03:01 (3220 turns).

qw the Ruffian (Ghoul Fire Elementalist)            Turns: 3220, Time: 00:03:02

Health: -1/36      AC:  4    Str: 13    XL:     4   Next: 79%
Magic:  5/5        EV:  2    Int: 10    God:
Gold:   107        SH:  0    Dex:  9    Spells: 5/6 levels left

rFire   . . .      SeeInvis .     - Unarmed
rCold   + . .      Faith    .   (no shield)
rNeg    + + +      Spirit   .   g - +0 leather armour
rPois   inf        Reflect  .   (no helmet)
rElec   .          Harm     .   (no cloak)
rCorr   .          Rampage  .   e - +0 pair of gloves
Will    .....                   (no boots)
Stlth   +.........              (no amulet)
HPRegen 0.00/turn               (no ring)
MPRegen 0.09/turn               (no ring)

@: paralysed, inhibited regen
A: claws 1, cold resistance 1, negative energy resistance 3, inhibited
regeneration, torment resistance 2, devour on kill
a: no special abilities


You were on level 3 of the Dungeon.
You visited 1 branch of the dungeon, and saw 3 of its levels.

You collected 107 gold pieces.


Innate Abilities, Weirdness & Mutations

You are immune to poison.
You have sharp fingernails.
Your flesh is cold resistant. (rC+)
You are immune to negative energy. (rN+++)
You do not regenerate when monsters are visible.
You are immune to unholy pain and torment.
You thrive by killing the living.


   Skills:
 + Level 1.9 Fighting
 - Level 1.7 Dodging
 - Level 2.1 Stealth
 - Level 4.1 Unarmed Combat
 - Level 1.7 Spellcasting
 - Level 0.7 Conjurations
 - Level 2.4 Fire Magic


You had 5 spell levels left.
You knew the following spells:

 Your Spells              Type           Power      Damage    Failure   Level
a - Foxfire               Conj/Fire      16%        2x1d4     22%         1

Your spell library contained the following spells:

 Spells                   Type           Power      Damage    Failure   Level
 Scorch                   Fire           10%        2d5       22%         2
 Conjure Flame            Conj/Fire      4%         6-21      54%         3
 Inner Flame              Hex/Fire       3%         N/A       58%         3
 Flame Wave               Conj/Fire      4%         2d5       91%         4

Inventory:

Armour
 e - a +0 pair of gloves (worn)
 g - a +0 leather armour (worn)
Scrolls
 a - 2 scrolls of teleportation {unknown}
 c - 2 scrolls of identify
Potions
 b - a potion of mutation
 d - 2 potions of attraction {unknown}
 f - a potion of might {unknown}
 i - a potion of cancellation {unknown}
 j - 2 potions of curing {unknown}
 k - a potion of lignification {unknown}

Dungeon Overview and Level Annotations

Branches:
Dungeon (3/15)

Altars:

Annotations:
D:3 1 transporter, Grinder


Message History

You completely miss the worm.
The worm is severely wounded.
The worm barely misses you.
You completely miss the worm.
The worm is severely wounded.
You hit the worm.
The worm is almost dead.
The worm bites you.
You hit the worm.
You kill the worm!
You start resting.
HP restored.
Grinder comes into view.
Grinder shouts!
Found 11 gold pieces.
Grinder blinks!
Grinder hits you.
You closely miss Grinder. Grinder gestures at you.
You suddenly lose the ability to move!
Grinder hits you. Grinder hits you!
You can move again.
You hit Grinder.
Grinder is lightly wounded.
Grinder hits you.
You closely miss Grinder.
Grinder is lightly wounded.
Grinder hits you.
You barely miss Grinder.
Grinder is lightly wounded.
Grinder hits you but does no damage.
You closely miss Grinder.
Grinder is lightly wounded.
Grinder gestures at you.
You suddenly lose the ability to move!
Grinder hits you! Grinder hits you but does no damage. Grinder hits you.
You die...

######### ######........
### #............. ..#
#.####.####...
..##########.#.##.####.##
...............5@......$.
#########...........##.##
####.........#.#....#
.......##......#$...#
.......##..#.#.#....#
.......##..#.#.#....#
.......##....# #....#
.......##..#.# #.....
.......##..#.#


You could see Grinder.

Vanquished Creatures
  3 adders (D:2)
  4 worms
  A dart slug (D:1)
  3 endoplasms
  A giant cockroach (D:1)
  6 goblins
  8 hobgoblins
  9 kobolds
  A quokka (D:2)
  4 ball pythons
  11 bats
  6 frilled lizards
  5 rats
62 creatures vanquished.

Notes
Turn   | Place    | Note
-------+----------+-------------------------------------------
     0 | D:1      | qw the Ghoul Fire Elementalist began the quest for the Orb.
     0 | D:1      | Reached XP level 1. HP: 14/14 MP: 2/2
     0 | D:1      | 0 ||| qw: Version: 0.1-a-90-g952f4b7
     0 | D:1      | 0 ||| qw: Game counter: 3981
     0 | D:1      | 0 ||| qw: Always use a shield: true
     0 | D:1      | 0 ||| qw: God list: Okawaru
     0 | D:1      | 0 ||| qw: Allow faded altars: false
     0 | D:1      | 0 ||| qw: Do Orc after D:15 true
     0 | D:1      | 0 ||| qw: Do second Lair branch before Depths: true
     0 | D:1      | 0 ||| qw: Lair rune preference: random
     0 | D:1      | 0 ||| qw: Plans: Normal
     0 | D:1      | 0 ||| PLANNING D:1-11
    24 | D:1      | 24 ||| Stepping ~*~*~tactically~*~*~ (stealth).
    57 | D:1      | Reached skill level 1 in Unarmed Combat
    66 | D:1      | HP: 3/14 [hobgoblin (1)]
   297 | D:1      | Reached skill level 1 in Fighting
   297 | D:1      | Reached XP level 2. HP: 21/23 MP: 3/3
   337 | D:1      | 337 ||| Stepping ~*~*~tactically~*~*~ (stealth).
   338 | D:1      | 338 ||| Stepping ~*~*~tactically~*~*~ (stealth).
   435 | D:1      | 435 ||| Stepping ~*~*~tactically~*~*~ (stealth).
   437 | D:1      | 437 ||| Stepping ~*~*~tactically~*~*~ (stealth).
   483 | D:1      | Reached skill level 2 in Unarmed Combat
   484 | D:1      | 484 ||| Stepping ~*~*~tactically~*~*~ (stealth).
   721 | D:1      | Reached XP level 3. HP: 22/28 MP: 4/4
   911 | D:1      | 911 ||| UPGRADING to +0 leather armour.
   921 | D:1      | 921 ||| DROPPING +0 robe.
   922 | D:1      | 922 ||| READING scroll labelled WEUWEI FOOGO.
   923 | D:1      | 923 ||| READING scroll labelled NECAWE FUSO.
   924 | D:1      | 924 ||| DRINKING 2 smoky amethyst potions.
   925 | D:1      | 925 ||| DROPPING potion of magic.
   926 | D:1      | 926 ||| DROPPING potion of flight.
  1002 | D:2      | Reached skill level 3 in Unarmed Combat
  1003 | D:2      | 1003 ||| FLEEEEING.
  1004 | D:2      | 1004 ||| FLEEEEING.
  1005 | D:2      | 1005 ||| FLEEEEING.
  1006 | D:2      | 1006 ||| FLEEEEING.
  1007 | D:2      | 1007 ||| FLEEEEING.
  1008 | D:2      | 1008 ||| FLEEEEING.
  1009 | D:2      | 1009 ||| FLEEEEING.
  1010 | D:2      | 1010 ||| FLEEEEING.
  1011 | D:2      | 1011 ||| FLEEEEING.
  1012 | D:2      | 1012 ||| FLEEEEING.
  1013 | D:2      | 1013 ||| FLEEEEING.
  1014 | D:2      | 1014 ||| FLEEEEING.
  1015 | D:2      | 1015 ||| FLEEEEING.
  1016 | D:2      | 1016 ||| FLEEEEING.
  1017 | D:2      | 1017 ||| FLEEEEING.
  1018 | D:2      | 1018 ||| FLEEEEING.
  1019 | D:2      | 1019 ||| STAIRDANCE
  1297 | D:2      | 1297 ||| Stepping ~*~*~tactically~*~*~ (stealth).
  1314 | D:2      | 1314 ||| FLEEEEING.
  1318 | D:2      | 1318 ||| FLEEEEING.
  1319 | D:2      | 1319 ||| FLEEEEING.
  1563 | D:2      | 1563 ||| Stepping ~*~*~tactically~*~*~ (stealth).
  1565 | D:2      | 1565 ||| Stepping ~*~*~tactically~*~*~ (stealth).
  1566 | D:2      | 1566 ||| Stepping ~*~*~tactically~*~*~ (stealth).
  1585 | D:2      | 1585 ||| Stepping ~*~*~tactically~*~*~ (outnumbered).
  1626 | D:2      | 1626 ||| Stepping ~*~*~tactically~*~*~ (stealth).
  1628 | D:2      | 1628 ||| Stepping ~*~*~tactically~*~*~ (stealth).
  1638 | D:2      | Reached XP level 4. HP: 28/35 MP: 5/5
  1767 | D:2      | 1767 ||| FLEEEEING.
  2122 | D:2      | 2122 ||| Stepping ~*~*~tactically~*~*~ (stealth).
  2125 | D:2      | 2125 ||| Stepping ~*~*~tactically~*~*~ (stealth).
  2127 | D:2      | 2127 ||| Stepping ~*~*~tactically~*~*~ (stealth).
  2137 | D:2      | 2137 ||| Stepping ~*~*~tactically~*~*~ (stealth).
  2305 | D:2      | Reached skill level 4 in Unarmed Combat
  2526 | D:2      | 2526 ||| UPGRADING to +0 pair of gloves.
  2531 | D:2      | 2531 ||| READING scroll labelled ABBAP LOLONUCH.
  2532 | D:2      | 2532 ||| READING scroll labelled OMIERGH AHIDUI.
  2533 | D:2      | 2533 ||| READING scroll labelled WAYTZO VAUSOA.
  2534 | D:2      | 2534 ||| READING 2 scrolls of identify.
  2534 | D:2      | 2534 ||| IDENTIFYING fuming silvery potion
  2545 | D:3      | Found a transporter.
  3023 | D:3      | 3023 ||| Stepping ~*~*~tactically~*~*~ (outnumbered).
  3025 | D:3      | 3025 ||| Stepping ~*~*~tactically~*~*~ (outnumbered).
  3026 | D:3      | 3026 ||| Stepping ~*~*~tactically~*~*~ (outnumbered).
  3028 | D:3      | 3028 ||| Stepping ~*~*~tactically~*~*~ (outnumbered).
  3030 | D:3      | 3030 ||| Stepping ~*~*~tactically~*~*~ (outnumbered).
  3207 | D:3      | Noticed Grinder
  3211 | D:3      | Paralysed by Grinder for 2 turns
  3217 | D:3      | Paralysed by Grinder for 5 turns
  3218 | D:3      | HP: 5/36 [Grinder (7)]
  3220 | D:3      | Slain by Grinder

Levels and vault maps discovered:
D:1:      ncdulo_lavacross, layout_basic
D:2:      minmay_kobold_bridge, layout_basic, shapermc_ecumenical_altar_petra,
          minmay_heptomino_d4
D:3:      gammafunk_steamed_eel, layout_basic, uniq_grinder

Skill      XL: |  1  2  3  4 |
---------------+-------------+-----
Unarmed Combat | 1 2 3 4 |  4.1
Fighting       | 1 |  1.9
Dodging        | |  1.7
Stealth        | |  2.1
Spellcasting   | |  1.7
Conjurations   | |  0.7
Fire Magic     | |  2.4

Action                   |  1- 3 |  4- 6 || total
-------------------------+-------+-------++-------
Melee: Unarmed           |   160 |   129 ||   289
       Punch             |     3 |     3 ||     6
  Use: Scroll            |     2 |     4 ||     6
       Potion            |     1 |       ||     1
Armor: Robe              |    14 |       ||    14
       Leather armour    |    24 |    38 ||    62
Dodge: Dodged            |    91 |    53 ||   144

Table legend:
 A = Non-vault XP
 B = Vault XP
 C = Vault XP percentage of total XP
 D = Non-vault monster count
 E = Vault monster count
 F = Vault count percentage of total count
                 A         B        C        D         E       F
            +---------+---------+-------+---------+---------+-------
      Total |     140 |       8 |   5.4 |      56 |       6 |   9.7
            +---------+---------+-------+---------+---------+-------
        D:1 |      42 |       0 |   0.0 |      23 |       0 |   0.0
        D:2 |      77 |       8 |   9.4 |      24 |       6 |  20.0
        D:3 |      21 |       0 |   0.0 |       9 |       0 |   0.0
            +---------+---------+-------+---------+---------+-------
